 Dungeon Crawl Stone Soup version 0.17-a0-547-g5e20af8 (webtiles) character file.

13249933 xeno23 the Meteorologist (level 27, 286/300 HPs)
             Began as a Black Draconian Conjurer on Apr 2, 2015.
             Was the Champion of Vehumet.
             Escaped with the Orb
             ... and 15 runes on Apr 13, 2015!
             The game lasted 1day 00:28:16 (122540 turns).

xeno23 the Meteorologist (DrCj)                Turns: 122540, Time: 1, 00:28:16

Health: 286/300    AC: 22    Str: 10    XL:     27
Magic:  42/64      EV: 22    Int: 56    God:    Vehumet [******]
Gold:   15102      SH: 18    Dex: 12    Spells: 13 memorised, 11 levels left

rFire  + + +     SeeInvis +     g - staff of air (curse)
rCold  + . .     Clarity  +     (armour unavailable)
rNeg   + + .     SustAb   .     C - +5 shield {rN+}
rPois  +         Gourm    .     L - +3 hat of Pondering {ponderous, MR+ MP+10 Int+5} (curse)
rElec  +         Spirit   .     U - +2 cloak of the Invisible Hand {rF++ Regen+ Int+6}
rCorr  .         Warding  .     B - +1 pair of gloves of a sewer {Regen+ Str+2 Stlth-}
rMut   +         Stasis   .     w - +0 pair of boots of the Sparrow {rPois rN+ Str-3 Int+4}
MR     +++..                    n - amulet of resist mutation
Stlth  ++........               X - ring "Efenitur" {Contam rElec Int+10 Stlth+}
                                W - ring "Pitz" {rC+ Int+3 SInv} (curse)

@: flying, deflect missiles, slow, extremely resistant to hostile enchantments,
unstealthy
A: breathe lightning, unfitting armour, antennae 1, big wings, stinger 1, talons
1, berserk 1, clarity, fire resistance 1, robust 1, electricity resistance, wild
magic 1, cold-blooded, AC +13
a: Breathe Lightning, Stop Flying, Renounce Religion
0: Orb of Zot
}: 15/15 runes: barnacled, slimy, silver, golden, iron, obsidian, icy, bone,
abyssal, demonic, glowing, magical, fiery, dark, gossamer


You escaped.
You worshipped Vehumet.
Vehumet was exalted by your worship.
You were hungry.

You visited 18 branches of the dungeon, and saw 97 of its levels.
You visited Pandemonium 1 time, and saw 36 of its levels.
You visited the Abyss 2 times.
You visited 1 ziggurat, and saw 20 of its levels.
You also visited: Ice Cave and Wizlab.

You collected 19622 gold pieces.
You spent 4520 gold pieces at shops.

Inventory:

Hand weapons
 l - the +7 Sceptre of Asmodeus
   (You took it off Asmodeus on level 7 of Gehenna)
 r - the +4 Staff of Dispater
   (You took it off Dispater on level 7 of the Iron City of Dis)
 s - the cursed +11 rapier of Devotion {pierce, rC+ Dex+2 Stlth+}
   (You found it in Pandemonium)

   It inflicts extra damage upon your enemies.
   It affects your dexterity (+2).
   It protects you from cold.
   It makes you more stealthy.
   It has a curse placed upon it.
 y - the +8 glaive of the Guard {elec, +Rage AC+5 SInv}
   (You found it on level 7 of Tartarus)

   Occasionally, upon striking a foe, it will discharge some electrical energy
   and cause terrible harm.
   It affects your AC (+5).
   It enhances your eyesight.
   It lets you go berserk.
Armour
 w - the +0 pair of boots of the Sparrow (worn) {rPois rN+ Str-3 Int+4}
   (You bought it in a shop on level 3 of the Shoals)

   It affects your strength (-3).
   It affects your intelligence (+4).
   It protects you from poison.
   It protects you from negative energy.
 B - the +1 pair of gloves of a sewer (worn) {Regen+ Str+2 Stlth-}
   (You bought it in a shop on level 3 of the Shoals)

   It affects your strength (+2).
   It increases your rate of regeneration.
   It makes you less stealthy.
 C - a +5 shield of positive energy (worn)
 L - the cursed +3 hat of Pondering (worn) {ponderous, MR+ MP+10 Int+5}
   (You took it off Gastronok on level 2 of the Lair of Beasts)

   It affects your intelligence (+5).
   It affects your resistance to hostile enchantments.
   It affects your magic capacity (+10).
   It has a curse placed upon it.
 U - the +2 cloak of the Invisible Hand (worn) {rF++ Regen+ Int+6}
   (You found it in a wizard's laboratory)

   It affects your intelligence (+6).
   It greatly protects you from fire.
   It increases your rate of regeneration.
Magical staves
 g - a cursed staff of air (weapon)
Jewellery
 n - an amulet of resist mutation (around neck)
 z - the amulet of Xom's Best Wishes {rElec rC+ Regen+ MP-9 Int+4}
   (You took it off a deep elf conjurer on level 5 of the Vaults)

   [amulet of regeneration]

   It affects your intelligence (+4).
   It protects you from cold.
   It insulates you from electricity.
   It affects your magic capacity (-9).
   It increases your rate of regeneration.
 W - the cursed ring "Pitz" (left hand) {rC+ Int+3 SInv}
   (You found it on level 8 of a ziggurat)

   [ring of see invisible]

   It affects your intelligence (+3).
   It protects you from cold.
   It enhances your eyesight.
   It has a curse placed upon it.
 X - the ring "Efenitur" (right hand) {Contam rElec Int+10 Stlth+}
   (You took it off a deep elf mage on level 3 of the Elven Halls)

   [ring of stealth]

   It affects your intelligence (+10).
   It insulates you from electricity.
   It causes magical contamination when unequipped.
   It makes you more stealthy.
Magical devices
 A - a wand of teleportation (2)
 H - a wand of heal wounds (6)
 S - a wand of disintegration (0)
Scrolls
 c - 7 scrolls of holy word
 d - 21 scrolls of fog
 e - 18 scrolls of blinking
 f - 8 scrolls of amnesia
 i - 45 scrolls of remove curse
 k - 9 scrolls of vulnerability
 m - 5 scrolls of identify
 o - 7 scrolls of silence
 p - 20 scrolls of enchant weapon
 u - 8 scrolls of recharging
 v - 31 scrolls of teleportation
 D - 2 scrolls of brand weapon
 E - 21 scrolls of fear
 F - 19 scrolls of enchant armour
 K - 9 scrolls of magic mapping
 T - 5 scrolls of summoning
 V - 15 scrolls of immolation
Potions
 a - 16 potions of resistance
 h - 8 potions of invisibility
 t - 5 potions of magic
 x - 10 potions of agility
 G - 13 potions of restore abilities
 J - 12 potions of haste
 N - 8 potions of cancellation
 O - 14 potions of brilliance
 P - 6 potions of heal wounds
 R - 24 potions of curing
Comestibles
 b - 33 bread rations
 j - 2 meat rations
 q - 3 fruits


   Skills:
 O Level 27 Fighting
 + Level 22.9 Staves
 O Level 27 Dodging
 - Level 20.1 Stealth
 - Level 15.5 Shields
 O Level 27 Spellcasting
 O Level 27 Conjurations
 - Level 7.0 Charms
 - Level 17.4 Necromancy
 - Level 8.0 Translocations
 - Level 18.5 Transmutations
 O Level 27 Air Magic
 - Level 10.0 Earth Magic
 - Level 13.0 Evocations


You had 11 spell levels left.
You knew the following spells:

 Your Spells              Type           Power        Failure   Level  Hunger
a - Orb of Destruction    Conj           #########.   1%          7    None
b - Blink                 Tloc           N/A          1%          2    None
c - Necromutation         Trmt/Necr      #########.   2%          8    None
d - Summon Butterflies    Summ           #######.     1%          1    None
f - Phase Shift           Tloc           ########..   1%          5    None
g - Tornado               Air            ##########   1%          9    None
n - Control Teleport      Chrm/Tloc      ########..   1%          4    None
q - Chain Lightning       Conj/Air       ##########   1%          8    None
r - Deflect Missiles      Chrm/Air       #########.   1%          6    None
s - Sublimation of Blood  Necr           #########.   1%          2    None
t - Regeneration          Chrm/Necr      ########..   1%          3    None
v - Haste                 Chrm           ########     3%          6    None
w - Lehudib's Crystal Sp  Conj/Erth      ########..   1%          8    None


Dungeon Overview and Level Annotations

Branches:
Dungeon (15/15)            Temple (1/1) D:6            Lair (8/8) D:10
 Shoals (5/5) Lair:3       Spider (5/5) Lair:6        Slime (6/6) Lair:8
    Orc (4/4) D:9             Elf (3/3) Orc:3        Vaults (5/5) D:13
  Crypt (3/3) Vaults:3       Tomb (3/3) Crypt:3      Depths (5/5) D:15
   Hell (1/1)                 Dis (7/7) Hell            Geh (7/7) Hell
    Coc (7/7) Hell            Tar (7/7) Hell            Zot (5/5) Depths:5

Altars:
Ashenzari
Cheibriados
Dithmenos
Elyvilon
Fedhas
Gozag
Kikubaaqudgha
Makhleb
Nemelex Xobeh
Okawaru
Qazlal
Ru
Sif Muna
Trog
Vehumet
Xom
Yredelemnul
Zin
The Shining One
Beogh
Jiyva
Lugonu

Shops:
D:5 ?   D:10 [   D:13 }   Orc:4 !?*(   Elf:1 !   Shoals:3 ?*[[[   Vaults:1 =
Vaults:2 }   Depths:4 *

Portals:
Hell: Depths:1 Depths:2 Depths:3 Depths:4 Depths:5
Abyss: Depths:4 Depths:5
Pandemonium: Depths:1 Depths:3
Trove: Elf:1 (give 2 scrolls of acquirement)


Innate Abilities, Weirdness & Mutations

You can breathe wild blasts of lightning.
Your glossy black scales are hard (AC +13).
Your body does not fit into most forms of armour.
Your large and strong wings let you fly indefinitely.
You are resistant to electric shocks.
You are cold-blooded and may be slowed by cold attacks.
You have a pair of small antennae on your head.
Your tail ends in a poisonous barb.
You have sharp toenails.
You tend to lose your temper in combat.
You possess an exceptional clarity of mind.
Your flesh is heat resistant.
You are robust (+10% HP).
Your spells are a little harder to cast, but a little more powerful.


Message History

Confirm with . or Enter, or press ? or * to list all spells.
Aiming: Lehudib's Crystal Spear
Press: ? - help, Shift-Dir - straight line, f/p - Orb Guardian
Aim: an Orb Guardian You feel a numb sensation.
The crystal spear misses the Orb Guardian.
The Orb Guardian hits you!!
You take 21 damage.
Casting: Lehudib's Crystal Spear
Confirm with . or Enter, or press ? or * to list all spells.
Aiming: Lehudib's Crystal Spear
Press: ? - help, Shift-Dir - straight line, f/p - Orb Guardian
Aim: an Orb Guardian You feel a numb sensation.
The crystal spear hits the Orb Guardian.
You kill the Orb Guardian!
Vehumet accepts your kill.
You feel your power returning.
There is a staircase leading out of the dungeon here.
You have escaped!

.#.....'.....# #.###.......###
.#.....#.##..####.#.........# ##
.#.....#.##....#....#)......# #.
.#######.###.....##.........# #.
.....)...###..#.....#.......# ##.
##............#...###.#########..
#.#....#........## #.# #...#
##...........###.## ### #.###
......###..####.@.##### #.#
##..>####....##...##..## #.#
.............#P...P#...######.###
###.#........##...##.............
# #....#.....#P...P#....####.#...
##.#.......##...##....####.#.##
##..##.....[#P...P#...........#
#..###......##...##...)####.###
##..####.....#P.(.P#....# #..#


There were no monsters in sight!

Vanquished Creatures
  Cerebov (Pan)
  Antaeus (Coc:7)
  Asmodeus (Geh:7)
  the Serpent of Hell (Tar:7)
  the royal jelly (Slime:6)
  Ereshkigal (Tar:7)
  Gloorx Vloq (Pan)
  Mnoleg (Pan)
  Lom Lobon (Pan)
  Dispater (Dis:7)
  11 orbs of fire
  9 ancient liches
  Mara (Spider:4)
  Mennas (Depths:3)
  The ghost of Sar the Imperceptible, a legendary OpIE of Dithmenos (Tomb:2)
  35 greater mummies
  40 pandemonium lords
  Sojobo (Depths:4)
  Boris (Tomb:2)
  6 shard shrikes
  A caustic shrike (Depths:4)
  Norris (Depths:3)
  8 Killer Klowns
  Geryon (Hell)
  12 golden dragons
  Nikola (Spider:5)
  Jory (Depths:5)
  A golden dragon (shapeshifter) (Zig:20)
  9 bone dragons
  14 liches
  Arachne (Spider:4)
  A shard shrike zombie (Crypt:1)
  4 electric golems
  Jorgrun (Vaults:3)
  5 hellephants
  26 Ice Fiends
  32 Brimstone Fiends
  33 Orb Guardians
  30 Hell Sentinels
  A quicksilver dragon (shapeshifter) (Zig:20)
  Asterion (Spider:5)
  22 tentacled monstrosities
  3 quicksilver dragons
  4 deep elf blademasters
  10 titans
  12 tentacled starspawn
  4 deep elf master archers
  34 Shadow Fiends
  23 acid blobs
  5 eldritch tentacles
  Polyphemus (Shoals:2)
  52 Executioners
  An octopode crusher (Depths:3)
  Gastronok (Lair:2)
  14 shadow dragons
  17 ancient champions
  A sphinx (shapeshifter) (Zig:20)
  11 sphinxes
  Kirke (Lair:7)
  19 storm dragons
  6 revenants
  7 tengu reavers
  10 draconian monks
  An azure jelly (shapeshifter) (Vaults:5)
  12 ghost moths
  Ilsuiw (Shoals:5)
  8 fire giants
  Wiglaf (Depths:3)
  3 greater nagas
  17 frost giants
  Donald (D:13)
  12 draconian knights
  11 deep elf sorcerers
  10 orc warlords
  A frost giant (shapeshifter) (Zig:20)
  18 azure jellies
  13 vault wardens
  10 iron dragons
  28 warmongers
  26 emperor scorpions
  Aizul (Elf:3)
  Louise (Shoals:2)
  11 draconian scorchers
  7 draconian shifters
  13 draconian zealots
  34 balrugs
  4 curse skulls
  A caustic shrike zombie (Zig:10)
  15 ironheart preservers
  5 ghouls
  40 cacodemons
  3 angels
  3 spriggan defenders
  17 draconian annihilators
  29 stone giants
  13 rakshasas
  20 very ugly things
  15 war gargoyles
  75 reapers
  15 green draconians
  19 corrupters (Pan)
  7 salamander firebrands
  3 elemental wellsprings
  8 deep elf demonologists
  8 draconian callers
  Nessos (Orc:4)
  An apis (Zig:2)
  13 black draconians
  18 white draconians
  4 vampire knights
  12 chaos champions
  A spectral titan (Abyss:3)
  2 bennus (Tomb:2)
  20 red draconians
  14 yellow draconians
  18 dire elephants
  8 blood saints (Pan)
  19 lorocyprocas
  19 mottled draconians
  9 deep elf annihilators
  15 purple draconians
  17 black suns (Pan)
  2 dire elephants (shapeshifter) (Zig:20)
  9 death oozes
  21 ettins
  The ghost of Zebura the Fighter, a powerful OgBe of Trog (IceCv)
  24 yaktaur captains
  11 deep elf death magi
  3 eidola
  35 blizzard demons
  14 fire dragons
  A crystal guardian (Vaults:4)
  12 merfolk javelineers
  2 quicksilver dragon zombies
  10 merfolk impalers
  31 mummy priests
  39 vault guards
  24 green deaths
  18 ogre magi
  16 jiangshi
  3 kraken zombies
  Josephine (D:14)
  A spectral golden dragon (Pan)
  13 great orbs of eyes
  7 deep elf high priests
  40 ice dragons
  7 death cobs
  Harold (Orc:2)
  4 spriggan air magi
  7 death knights
  8 hell beasts
  3 naga warriors (Zig:8)
  7 quicksilver dragon skeletons
  A caustic shrike simulacrum (Depths:5)
  33 monstrous demonspawn
  2 anacondas
  10 catoblepae
  An entropy weaver (Depths:1)
  11 hydras
  6 merfolk avatars
  19 centaur warriors
  10 merfolk aquamancers
  4 satyrs
  An alligator (shapeshifter) (Vaults:5)
  23 dancing weapons
  5 deep troll shamans
  10 tengu warriors
  12 death yaks
  23 hell hogs
  5 shock serpents
  14 deep troll earth magi
  9 titan zombies
  9 orc high priests
  40 soul eaters
  13 thrashing horrors
  8 vampire magi
  A spectral dire elephant (Abyss:3)
  6 spriggan berserkers
  54 sun demons
  3 naga sharpshooters
  6 iron golems
  2 fire crabs
  Sonja (Lair:1)
  A storm dragon zombie (Geh:5)
  4 titan skeletons
  4 wizards
  9 wretched stars
  3 iron trolls (Zig:15)
  142 skeletal warriors
  23 deep elf knights
  17 shadow wraiths
  11 anaconda zombies
  59 death scarabs
  29 ice devils
  23 gelid demonspawn (Pan)
  4 salamander mystics
  2 death drakes (shapeshifter)
  A spatial maelstrom (Zig:4)
  33 hell knights
  31 infernal demonspawn
  A death drake (Abyss:1)
  2 storm dragon skeletons
  33 deep trolls
  A cherub (Pan)
  6 golden dragon zombies
  8 unseen horrors
  19 flayed ghosts
  27 phantasmal warriors
  A sea snake (shapeshifter) (Zig:20)
  5 sea snakes
  7 deep elf summoners
  8 hill giants
  27 putrid demonspawn
  29 torturous demonspawn (Pan)
  A ghost moth zombie (Crypt:1)
  4 ice statues
  11 giant orange brains
  24 orc knights
  4 obsidian statues
  5 anaconda skeletons
  A lindwurm (shapeshifter) (Zig:20)
  2 golden dragon skeletons
  10 ball lightnings
  37 shadow demons
  3 swamp dragons (shapeshifter)
  15 deep elf conjurers
  A spectral hydra (Tomb:3)
  14 necromancers
  5 wolf spider zombies
  5 shadow dragon zombies
  15 ironbrand convokers
  34 anubis guards
  5 iron dragon zombies
  21 orb spiders
  7 salamander stormcallers
  4 water nymphs
  4 shadow dragon skeletons
  A spectral ettin (Abyss:3)
  A shining eye (shapeshifter) (Vaults:4)
  67 ugly things
  18 griffons
  7 fire giant zombies
  10 oklob plants
  7 frost giant zombies
  10 manticores
  12 worldbinders
  12 fauns
  13 shining eyes
  2 hornets (shapeshifter)
  42 wolf spiders
  A hell hog zombie (Hell)
  9 orc sorcerers
  A wolf spider (shapeshifter) (Depths:2)
  5 stone giant zombies
  2 draconians (shapeshifter) (Depths:2)
  6 salamanders
  84 sixfirhies
  5 human zombies
  7 stone giant skeletons
  18 elephants
  13 cyclopes
  2 elf zombies
  A cyclops (shapeshifter) (Vaults:2)
  3 iron dragon skeletons
  7 molten gargoyles (Geh:7)
  62 harpies
  8 hornets
  3 frost giant skeletons
  4 fire giant skeletons
  A black mamba (shapeshifter) (Depths:2)
  5 drowned souls
  A mana viper (WizLab)
  16 spiny frogs
  58 rust devils
  4 sirens
  4 guardian serpents
  2 spriggan zombies
  13 black mambas
  21 vault sentinels
  98 smoke demons
  5 torpor snails
  3 apocalypse crabs
  8 dire elephant zombies
  2 spriggan skeletons
  36 moths of wrath
  57 orange demons
  2 gargoyles
  2 storm dragon simulacra (Coc:7)
  A yaktaur zombie (D:15)
  5 eyes of devastation
  20 polar bears
  A yellow draconian zombie (Zot:1)
  A demonspawn skeleton (WizLab)
  A queen ant (Lair:4)
  5 dire elephant skeletons
  An elephant slug zombie (Crypt:1)
  A shock serpent skeleton (Coc:7)
  An emperor scorpion zombie (Dis:7)
  3 catoblepas zombies
  3 titan simulacra
  3 naga magi
  3 kobold demonologists
  35 tormentors
  12 komodo dragons
  A white draconian zombie (Crypt:2)
  38 demonic crawlers
  42 hellions
  6 fire drakes
  10 efreet
  22 deep elf priests
  A grey draconian zombie (Crypt:1)
  A green draconian skeleton (Crypt:2)
  68 hellwings
  2 anaconda simulacra (Coc:7)
  76 red devils
  A giant leech (shapeshifter) (Depths:2)
  40 two-headed ogres
  2 elves (shapeshifter)
  41 guardian mummies
  2 tengu conjurers
  13 ancient zymes
  A silent spectre (Tar:5)
  43 yaktaurs
  45 merfolk
  3 harpy zombies
  15 hydra zombies
  2 queen bees (shapeshifter)
  195 slime creatures
  17 blink frogs
  26 jumping spiders
  5 wind drakes
  A moth of wrath zombie (Zot:1)
  5 fire vortices
  50 blue devils
  28 small abominations
  A tengu simulacrum (Vaults:2)
  36 freezing wraiths
  A two-headed ogre (shapeshifter) (Vaults:3)
  3 harpy skeletons
  10 boulder beetles
  7 hydra skeletons
  12 ushabtiu
  7 snapping turtles
  24 raiju
  A troll (shapeshifter) (Elf:1)
  24 trapdoor spiders
  2 slime creatures (shapeshifter)
  A spectral swamp dragon (Tomb:3)
  13 trolls
  7 alligator zombies
  17 ravens
  6 fire dragon zombies
  6 ice dragon zombies
  16 vampires
  2 fire giant simulacra
  A raven (shapeshifter) (Vaults:3)
  A frost giant simulacrum (Coc:6)
  5 ettin zombies
  130 flying skulls
  121 large abominations
  A trapdoor spider (shapeshifter) (Zig:20)
  4 ice dragon skeletons
  6 alligator skeletons
  5 ettin skeletons
  2 redbacks (shapeshifter)
  37 shadows
  31 water elementals
  38 starcursed masses
  2 spriggans
  2 air elementals (Depths:5)
  22 tarantellas
  75 redbacks
  42 deep elf fighters
  2 humans (shapeshifter) (Depths:4)
  A spectral black mamba (Pan)
  112 yaks
  2 golden eyes (Pan)
  46 wraiths
  20 hungry ghosts
  A yak (shapeshifter) (Depths:2)
  26 deep elf magi
  3 fire dragon skeletons
  7 basilisks
  4 wyverns
  64 neqoxecs
  80 ynoxinuls
  A fire bat (Abyss:1)
  19 chaos spawn
  9 fire elementals
  5 hogs
  The ghost of WildSam the Charlatan, an average DsWn (D:4)
  A steam dragon (Zot:3)
  17 humans
  2 mottled dragons
  12 hippogriffs
  24 vampire mosquitoes
  4 spatial vortices (WizLab)
  20 wolves
  6 insubstantial wisps
  9 wargs
  A faun zombie (Crypt:2)
  7 porcupines
  8 spiny frog zombies
  33 water moccasins
  4 hydra simulacra
  A mottled dragon (shapeshifter) (Vaults:3)
  A soldier ant (shapeshifter) (Depths:2)
  A merfolk zombie (Tomb:1)
  10 soldier ants
  Duvessa (D:4)
  A naga (Zig:8)
  A spider (shapeshifter) (Depths:2)
  An infernal demonspawn skeleton (Crypt:1)
  17 spiders
  7 sky beasts
  22 necrophages
  A swamp drake (Zot:1)
  18 ice beasts
  2 ettin simulacra
  8 phantoms
  A merfolk skeleton (Geh:3)
  61 orc warriors
  A spiny frog skeleton (Coc:7)
  A black bear (shapeshifter) (Depths:2)
  61 hell hounds
  41 centaurs
  8 eyes of draining
  An ice dragon simulacrum (Crypt:3)
  4 snapping turtle zombies
  6 wasps
  An alligator simulacrum (Coc:3)
  2 swamp dragon zombies
  A manticore zombie (Coc:1)
  69 ogres
  2 swamp dragon skeletons
  3 boring beetles
  26 crocodiles
  25 boggarts
  A boring beetle (shapeshifter) (D:14)
  3 big kobolds
  A brain worm (shapeshifter) (Depths:4)
  A brain worm (Abyss:3)
  A torpor snail zombie (Crypt:1)
  3 lost souls
  Blork the orc (D:4)
  2 hell hound zombies (Hell)
  Dowan (D:4)
  22 giant frogs
  A yaktaur skeleton (Crypt:3)
  A wyvern skeleton (D:11)
  6 earth elementals (Depths:1)
  17 killer bees
  A raiju zombie (Abyss:3)
  2 human simulacra
  16 scorpions
  24 wights
  A troll skeleton (Crypt:1)
  A boring beetle zombie (Crypt:2)
  11 crimson imps
  5 electric eels
  2 giant frog zombies
  6 centaur zombies
  3 goliath beetles
  A wolf skeleton (Crypt:3)
  6 quasits
  A two-headed ogre zombie (Crypt:2)
  29 iron imps
  A basilisk zombie (Crypt:1)
  17 hounds
  59 jellies
  Crazy Yiuf (D:6)
  38 orc priests
  49 orc wizards
  3 giant frog skeletons
  7 hell rats
  4 centaur skeletons
  11 iguanas
  A lightning spire (Zig:20)
  23 worker ants
  35 sheep
  A killer bee zombie (Crypt:3)
  A naga zombie (Geh:7)
  A crocodile zombie (Crypt:2)
  2 ogre zombies
  A sheep (shapeshifter) (Elf:2)
  A deep dwarf skeleton (Crypt:3)
  5 elf simulacra
  A naga skeleton (Tar:7)
  A big kobold skeleton (Crypt:1)
  4 hound skeletons
  A worker ant zombie (D:11)
  70 mummies
  7 gnolls
  A scorpion zombie (Crypt:1)
  34 adders
  51 river rats
  11 shadow imps
  3 worms
  3 removed MONS_GIANT_MITEs
  21 white imps
  67 ufetubi
  3 orc zombies
  The ghost of herpmino the Chopper, a weakling DsGl (D:3)
  9 giant geckos
  2 oozes (Lair:8)
  253 orcs
  4 ball pythons
  17 bats
  A bat skeleton (D:5)
  A bat zombie (D:7)
  8 giant cockroaches
  22 hobgoblins
  10 jackals
  22 kobolds
  14 quokkas
  A ball python skeleton (Crypt:3)
  A giant gecko skeleton (D:8)
  A giant gecko zombie (Crypt:1)
  6 giant newts
  2 giant spores
  29 goblins
  A kobold zombie (Geh:1)
  3 lurking horrors
  A quokka skeleton (D:6)
  2 quokka zombies
  16 rats
  A rat skeleton (Crypt:3)
  4 ballistomycetes (D:15)
  A bush (Lair:3)
  A butterfly (Lair:1)
  5 crawling corpses
  18 fungi
  3 grand avatars (Pan)
  50 plants
  10 starspawn tentacles
7394 creatures vanquished.

Vanquished Creatures (collateral kills)
  13 ball lightnings
13 creatures vanquished.

Vanquished Creatures (others)
  A tentacled monstrosity (Zot:2)
  An eldritch tentacle (Pan)
  An Executioner (Pan)
  A storm dragon (Zot:2)
  2 draconian knights (Zot:2)
  A draconian scorcher (Zot:2)
  A draconian shifter (Zot:2)
  A draconian zealot (Depths:5)
  An elemental wellspring (Coc:7)
  4 red draconians (Zot:2)
  A fire dragon (Zot:2)
  An ice dragon (Zot:2)
  42 death scarabs (Tomb:2)
  A hornet (Zig:16)
  A smoke demon (Pan)
  A rust devil (Zig:10)
  2531 ball lightnings
  A harpy zombie (Tomb:3)
  A freezing wraith (Zig:20)
  A raiju (Abyss:3)
  A fire dragon zombie (Dis:7)
  8 flying skulls (Tomb:3)
  A wraith (Zig:20)
  A centaur (Depths:3)
  5 lost souls
  A putrid demonspawn simulacrum (Tomb:2)
  A centaur zombie (Geh:1)
  A human simulacrum (Abyss:1)
  An adder (Zig:17)
  A quokka (Lair:6)
  3159 eldritch tentacle segments
  3 fungi
  20 plants
  16 starspawn tentacles
  39 starspawn tentacle segments
  8 tentacles (Coc:4)
  4 tentacle segments (Coc:4)
5865 creatures vanquished.

Grand Total: 13272 creatures vanquished

Notes
Turn   | Place    | Note
--------------------------------------------------------------
     0 | D:1      | xeno23, the Draconian Conjurer, began the quest for the Orb.
     0 | D:1      | Reached XP level 1. HP: 14/14 MP: 3/3
   375 | D:1      | Reached XP level 2. HP: 14/20 MP: 0/4
  1252 | D:2      | Reached skill level 5 in Conjurations
  1252 | D:2      | Reached XP level 3. HP: 22/26 MP: 1/5
  1662 | D:2      | Found a shimmering altar of Xom.
  2019 | D:2      | Found a deep blue altar of Sif Muna.
  2166 | D:3      | Reached XP level 4. HP: 30/33 MP: 2/6
  2438 | D:3      | Found a glowing golden altar of the Shining One.
  2483 | D:3      | Noticed herpmino's ghost (weakling DsGl)
  2504 | D:3      | Killed herpmino's ghost
  2504 | D:3      | Reached skill level 6 in Conjurations
  2992 | D:4      | Reached XP level 5. HP: 26/38 MP: 7/7
  2999 | D:4      | Learned a level 5 spell: Iskenderun's Battlesphere
  3104 | D:4      | Reached skill level 1 in Charms
  3297 | D:3      | Found a white marble altar of Elyvilon.
  3297 | D:3      | Found a basalt altar of Yredelemnul.
  3703 | D:4      | Noticed a phantom
  3772 | D:4      | Killed a phantom
  3772 | D:4      | Reached XP level 6. HP: 26/45 MP: 0/8
  4030 | D:4      | Noticed Duvessa
  4030 | D:4      | Noticed Dowan
  4288 | D:4      | Reached skill level 7 in Conjurations
  4289 | D:4      | Found a radiant altar of Vehumet.
  4310 | D:4      | Became a worshipper of Vehumet
  4505 | D:4      | Noticed Blork the orc
  4565 | D:4      | Noticed WildSam's ghost (average DsWn)
  4574 | D:5      | Entered Level 5 of the Dungeon
  5248 | D:5      | Found Ragus' Magic Scroll Shoppe.
  5302 | D:5      | Your scales start taking on a glossy black colour.
  5302 | D:5      | Gained mutation: You are resistant to electric shocks. [Black Draconian growth]
  5302 | D:5      | Reached XP level 7. HP: 18/50 MP: 0/9
  5320 | D:5      | Bought 2 scrolls of teleportation for 90 gold pieces
  5320 | D:5      | Bought a scroll of identify for 30 gold pieces
  5320 | D:5      | Bought a scroll of identify for 30 gold pieces
  5320 | D:5      | Bought a scroll of identify for 30 gold pieces
  5360 | D:5      | Found a burning altar of Makhleb.
  5949 | D:5      | Bought a scroll of fear for 52 gold pieces
  6205 | D:6      | Found a glowing golden altar of the Shining One.
  6264 | D:6      | Reached skill level 5 in Charms
  6531 | D:6      | Found a staircase to the Ecumenical Temple.
  6536 | Temple   | Entered the Ecumenical Temple
  6836 | D:6      | Reached skill level 8 in Conjurations
  6836 | D:6      | Reached XP level 8. HP: 22/57 MP: 4/11
  7291 | D:6      | Acquired Vehumet's first power
  7291 | D:6      | Offered knowledge of Shock by Vehumet.
  7296 | D:6      | Learned a level 1 spell: Shock
  7530 | D:6      | Noticed Crazy Yiuf
  7544 | D:6      | Killed Crazy Yiuf
  7782 | D:4      | Killed Duvessa
  7782 | D:4      | Reached skill level 1 in Air Magic
  7787 | D:4      | Killed Dowan
  8031 | D:4      | Killed Blork the orc
  8596 | D:4      | Killed WildSam's ghost
  9032 | D:7      | Reached skill level 9 in Conjurations
  9260 | D:7      | Reached XP level 9. HP: 36/62 MP: 13/13
  9352 | D:7      | Reached skill level 5 in Spellcasting
  9352 | D:7      | Reached skill level 5 in Air Magic
  9525 | D:7      | Offered knowledge of Sting by Vehumet.
 10222 | D:7      | Gained mutation: Your flesh is heat resistant. [potion of beneficial mutation]
 10662 | D:8      | Offered knowledge of Throw Frost by Vehumet.
 10801 | D:8      | Found a sparkling altar of Nemelex Xobeh.
 10921 | D:8      | Reached XP level 10. HP: 69/69 MP: 7/16
 11133 | D:8      | Reached skill level 10 in Conjurations
 11188 | D:8      | Acquired Vehumet's second power
 11829 | D:9      | Offered knowledge of Airstrike by Vehumet.
 12123 | D:9      | Found a staircase to the Orcish Mines.
 12136 | D:9      | Reached skill level 10 in Air Magic
 12510 | D:10     | Entered Level 10 of the Dungeon
 12516 | D:10     | Noticed a hill giant
 12532 | D:10     | Killed a hill giant
 12655 | D:10     | Learned a level 4 spell: Iskenderun's Mystic Blast
 12679 | D:10     | Found Wixzun's Antique Armour Shop.
 12757 | D:10     | Noticed a hill giant
 12765 | D:10     | Killed a hill giant
 12765 | D:10     | Reached skill level 1 in Fighting
 13056 | D:10     | Acquired Vehumet's third power
 13103 | D:10     | Noticed a centaur warrior
 13846 | D:10     | Noticed a red ugly thing
 13853 | D:10     | Killed a red ugly thing
 13853 | D:10     | Reached XP level 11. HP: 79/81 MP: 8/18
 14004 | D:10     | Found a staircase to the Lair.
 14463 | D:10     | Killed a centaur warrior
 14484 | D:10     | Offered knowledge of Lightning Bolt by Vehumet.
 14491 | D:10     | Learned a level 5 spell: Lightning Bolt
 14581 | Lair:1   | Entered Level 1 of the Lair of Beasts
 14964 | Lair:1   | Reached skill level 11 in Conjurations
 16169 | Lair:1   | Noticed Sonja
 16185 | Lair:1   | Killed Sonja
 16188 | Lair:1   | Got a translucent bronze ring
 16659 | Lair:1   | Reached skill level 5 in Fighting
 16743 | Lair:1   | Reached skill level 5 in Dodging
 17643 | Lair:2   | Reached XP level 12. HP: 75/96 MP: 15/21
 17881 | Lair:2   | Offered knowledge of Conjure Ball Lightning by Vehumet.
 17898 | Lair:2   | Learned a level 6 spell: Conjure Ball Lightning
 17929 | Lair:2   | Identified the ring of the Elephant {rC+ rN+ Str+5} (You took it off Sonja on level 1 of the Lair of Beasts)
 17963 | Lair:2   | Noticed Gastronok
 17974 | Lair:2   | Killed Gastronok
 18293 | Lair:2   | Reached skill level 12 in Conjurations
 18851 | Lair:3   | Found a staircase to the Shoals.
 19252 | Lair:3   | Got a fine dagger
 19253 | Lair:3   | Identified the cursed +1 dagger "Xicuth" {pierce, rF+ SInv} (You found it on level 3 of the Lair of Beasts)
 19481 | Lair:3   | Found a shattered altar of Ashenzari.
 20027 | Lair:4   | Reached skill level 10 in Spellcasting
 20050 | Lair:4   | Reached XP level 13. HP: 99/107 MP: 23/23
 20060 | Lair:4   | Offered knowledge of Ignite Poison by Vehumet.
 21834 | Lair:6   | Reached skill level 13 in Air Magic
 22027 | Lair:6   | Found a hole to the Spider Nest.
 22504 | Lair:7   | Reached skill level 14 in Air Magic
 22520 | Lair:7   | Offered knowledge of Irradiate by Vehumet.
 22577 | Lair:7   | Got a faintly glowing mace
 22581 | Lair:7   | Identified the +10 mace of the Grave {flame, +Fly rC+ Int+3} (You found it on level 7 of the Lair of Beasts)
 22858 | Lair:7   | Noticed Kirke
 22864 | Lair:7   | Killed Kirke
 22903 | Lair:7   | Reached skill level 15 in Air Magic
 22904 | Lair:7   | Gained mutation: Your large and strong wings let you fly indefinitely. [Black Draconian growth]
 22904 | Lair:7   | Reached XP level 14. HP: 98/118 MP: 24/24
 23906 | Lair:8   | Entered Level 8 of the Lair of Beasts
 24129 | Lair:8   | Got a glittering lapis lazuli ring
 24276 | Lair:8   | Reached skill level 16 in Air Magic
 24395 | Lair:8   | Found a runed door.
 24453 | Lair:8   | Found a viscous altar of Jiyva.
 24453 | Lair:8   | Found a staircase to the Slime Pits.
 24458 | Lair:8   | Offered knowledge of Lee's Rapid Deconstruction by Vehumet.
 24996 | Lair:8   | Reached skill level 17 in Air Magic
 25606 | Lair:1   | Identified the ring of Liberty {+/*Tele rF+++ Int+3 Dex-2} (You found it on level 8 of the Lair of Beasts)
 25984 | D:5      | Bought a scroll of holy word for 112 gold pieces
 25984 | D:5      | Bought a scroll of magic mapping for 52 gold pieces
 25984 | D:5      | Bought a scroll of enchant armour for 112 gold pieces
 26194 | Lair:1   | Learned a level 3 spell: Regeneration
 26337 | Orc:1    | Entered Level 1 of the Orcish Mines
 26512 | Orc:2    | Noticed Harold
 26521 | Orc:2    | Killed Harold
 27122 | Orc:1    | Offered knowledge of Ozocubu's Refrigeration by Vehumet.
 27368 | Orc:3    | Found a staircase to the Elven Halls.
 28089 | Orc:4    | Entered Level 4 of the Orcish Mines
 28124 | Orc:4    | Noticed Nessos
 28312 | Orc:4    | Reached skill level 18 in Air Magic
 28421 | Orc:4    | Offered knowledge of Iron Shot by Vehumet.
 28488 | Orc:4    | Found Ungoosch's Weapon Boutique.
 28490 | Orc:4    | Found Yhamank's Magic Scroll Shop.
 28491 | Orc:4    | Found Loic's Distillery.
 28499 | Orc:4    | Found Hiestim's Assorted Antiques.
 28506 | Orc:4    | Bought a scroll of blinking for 172 gold pieces
 28506 | Orc:4    | Bought a potion of heal wounds for 115 gold pieces
 28507 | Orc:4    | Bought 2 potions of cancellation for 240 gold pieces
 28507 | Orc:4    | Bought a potion of magic for 120 gold pieces
 28507 | Orc:4    | Bought a potion of brilliance for 60 gold pieces
 28507 | Orc:4    | Bought a potion of degeneration for 15 gold pieces
 28508 | Orc:4    | Bought a potion of heal wounds for 75 gold pieces
 28508 | Orc:4    | Bought a potion of resistance for 150 gold pieces
 28509 | Orc:4    | Bought a scroll of blinking for 127 gold pieces
 28509 | Orc:4    | Bought a scroll of teleportation for 51 gold pieces
 28621 | Orc:4    | Found a runed door.
 28738 | Orc:4    | Killed Nessos
 29015 | Orc:4    | Found a roughly hewn altar of Beogh.
 29545 | D:11     | Reached skill level 19 in Air Magic
 29714 | D:11     | Reached XP level 15. HP: 124/124 MP: 25/25
 29985 | D:11     | Found a basalt altar of Yredelemnul.
 30280 | D:12     | Offered knowledge of Bolt of Cold by Vehumet.
 30457 | D:12     | Found a sparkling altar of Nemelex Xobeh.
 30617 | D:13     | Found a gate to the Vaults.
 30617 | D:13     | Noticed Donald
 30620 | D:13     | Killed Donald
 30620 | D:13     | Reached skill level 20 in Air Magic
 30684 | D:12     | Learned a level 9 spell: Tornado
 31266 | D:13     | Found Feozil's Gadget Boutique.
 32006 | D:14     | Offered knowledge of Lehudib's Crystal Spear by Vehumet.
 32006 | D:14     | Offered knowledge of Fire Storm by Vehumet.
 32006 | D:14     | Offered knowledge of Chain Lightning by Vehumet.
 32124 | D:14     | Noticed Josephine
 32128 | D:14     | Killed Josephine
 32128 | D:14     | Reached skill level 21 in Air Magic
 32849 | D:15     | Entered Level 15 of the Dungeon
 32886 | D:15     | Found a frozen archway.
 32890 | IceCv    | Entered an ice cave
 32966 | IceCv    | Reached skill level 22 in Air Magic
 33147 | IceCv    | Reached XP level 16. HP: 132/132 MP: 26/26
 33402 | IceCv    | Noticed Zebura's ghost (powerful OgBe)
 33420 | IceCv    | Killed Zebura's ghost
 33645 | IceCv    | Gained mutation: You have sharp toenails. [potion of beneficial mutation]
 33985 | D:15     | Reached skill level 1 in Shields
 34029 | D:15     | Found a staircase to the Depths.
 34916 | D:15     | Found a roughly hewn altar of Beogh.
 34955 | D:15     | Reached skill level 5 in Shields
 35800 | Spider:1 | Entered Level 1 of the Spider Nest
 35805 | Spider:1 | Reached skill level 23 in Air Magic
 36909 | Spider:3 | Reached skill level 24 in Air Magic
 37562 | Spider:4 | Noticed Mara
 37566 | Spider:4 | Killed Mara
 37566 | Spider:4 | Reached XP level 17. HP: 108/137 MP: 21/27
 37919 | Spider:4 | Noticed Arachne
 37929 | Spider:4 | Killed Arachne
 38262 | Spider:4 | Reached skill level 25 in Air Magic
 38676 | Spider:5 | Entered Level 5 of the Spider Nest
 38676 | Spider:5 | Noticed Nikola
 38682 | Spider:5 | Killed Nikola
 38933 | Spider:5 | Reached skill level 10 in Fighting
 38948 | Spider:5 | Noticed Asterion
 38952 | Spider:5 | Killed Asterion
 39988 | Spider:5 | Reached skill level 10 in Dodging
 40008 | Spider:5 | Got a gossamer rune of Zot
 40994 | Lair:1   | Learned a level 2 spell: Blink
 41101 | Shoals:1 | Entered Level 1 of the Shoals
 41106 | Shoals:1 | Reached XP level 18. HP: 149/152 MP: 28/28
 41439 | Shoals:1 | Found a glowing golden altar of the Shining One.
 41829 | Shoals:1 | Upgraded the game from 0.17-a0-377-gdd46233 to 0.17-a0-427-ga655056
 41830 | Shoals:2 | Noticed Louise
 41854 | Shoals:2 | You fall through a shaft!
 42027 | Shoals:3 | Found Sikudipoh's Armour Shoppe.
 42053 | Shoals:3 | Bought the cursed +0 pair of boots of the Sparrow {rPois rN+ Str-3 Int+4} for 285 gold pieces
 42350 | Shoals:3 | Found Ypleaqec's Antique Armour Boutique.
 42363 | Shoals:3 | Bought a pair of jewelled gloves for 332 gold pieces
 42363 | Shoals:3 | Bought a glowing cloak for 157 gold pieces
 42383 | Shoals:3 | Identified the +1 pair of gloves of a sewer {Regen+ Str+2 Stlth-} (You bought it in a shop on level 3 of the Shoals)
 42421 | Shoals:3 | Found Qizonk's Assorted Antiques.
 42503 | Shoals:3 | Found Porreelyri's Magic Scroll Emporium.
 42562 | Shoals:3 | Bought a scroll of amnesia for 56 gold pieces
 42562 | Shoals:3 | Bought a scroll of fear for 56 gold pieces
 42616 | Shoals:3 | Bought a potion of curing for 93 gold pieces
 42616 | Shoals:3 | Bought a papyrus book for 465 gold pieces
 42672 | Shoals:3 | Found Roikhlau's Armour Emporium.
 43639 | Shoals:5 | Entered Level 5 of the Shoals
 43639 | Shoals:5 | Noticed Ilsuiw
 43646 | Shoals:5 | Killed Ilsuiw
 44145 | Shoals:5 | Got a barnacled rune of Zot
 44177 | Shoals:5 | Reached XP level 19. HP: 146/166 MP: 30/30
 44898 | Shoals:2 | Noticed Polyphemus
 44905 | Shoals:2 | Killed Polyphemus
 45209 | Shoals:2 | Killed Louise
 45811 | Lair:1   | Learned a level 7 spell: Orb of Destruction
 45974 | Vaults:1 | Entered Level 1 of the Vaults
 46638 | Vaults:1 | Found a glowing golden altar of the Shining One.
 46710 | Vaults:1 | Found Fyext's Jewellery Shop.
 47566 | Vaults:2 | Reached skill level 15 in Fighting
 47788 | Vaults:2 | Found Ludgh's Gadget Boutique.
 48043 | Vaults:2 | Reached XP level 20. HP: 114/178 MP: 22/33
 48307 | Vaults:2 | Found a roughly hewn altar of Beogh.
 49265 | Vaults:3 | Got a fine crystal amulet
 49266 | Vaults:3 | Identified the amulet "Mootulyawk" {rMut rElec rC- Str+8 Int+2} (You found it on level 3 of the Vaults)
 49295 | Vaults:3 | Found a staircase to the Crypt.
 49987 | Vaults:3 | Noticed Jorgrun
 49991 | Vaults:3 | Killed Jorgrun
 50579 | Vaults:4 | Found a glowing golden altar of the Shining One.
 51325 | Vaults:4 | Reached XP level 21. HP: 189/189 MP: 35/35
 52028 | Vaults:1 | Bought the amulet "Leskiamogh" {Regen+ Str+4} for 953 gold pieces
 52210 | Lair:1   | Learned a level 6 spell: Deflect Missiles
 52418 | Elf:1    | Entered Level 1 of the Elven Halls
 52511 | Elf:1    | Reached skill level 15 in Conjurations
 52573 | Elf:1    | Got a heavily runed buckler
 52733 | Elf:1    | Found Motaphya's Distillery.
 52748 | Elf:1    | Bought a potion of beneficial mutation for 490 gold pieces
 52750 | Elf:1    | Gained mutation: Your tail ends in a poisonous barb. [potion of beneficial mutation]
 53222 | Elf:1    | Paralysed by an orc sorcerer for 6 turns
 53410 | Elf:1    | Found a portal to a secret trove of treasure.
 53453 | Elf:1    | Identified the cursed +0 buckler of Atheism {-Cast rPois Str+4} (You found it on level 1 of the Elven Halls)
 53979 | Elf:2    | Found a huge runed gate.
 53979 | Elf:2    | Found a huge runed gate.
 53980 | Elf:2    | Found a huge runed gate.
 53980 | Elf:2    | Found a huge runed gate.
 53982 | Elf:2    | Found a huge runed gate.
 54979 | Elf:3    | Entered Level 3 of the Elven Halls
 55061 | Elf:3    | Noticed Aizul
 55071 | Elf:3    | Killed Aizul
 55161 | Elf:3    | Got an encrusted short sword
 55162 | Elf:3    | Identified the +5 short sword of Spite {freeze, Int+4 Dex+4} (You found it on level 3 of the Elven Halls)
 55403 | Elf:3    | Reached skill level 15 in Dodging
 55705 | Elf:3    | Got a polished large shield
 55705 | Elf:3    | Got a coiled ruby amulet
 55765 | Elf:3    | Reached skill level 15 in Spellcasting
 55783 | Elf:3    | Cast into the Abyss (a deep elf sorcerer)
 55922 | Abyss:1  | Identified the amulet "Cagy" {Spirit Str+4 Dex+2} (You took it off a deep elf sorcerer on level 3 of the Elven Halls)
 56125 | Abyss:1  | Identified the +4 large shield of the Salamander {rPois Regen+} (You took it off a deep elf sorcerer on level 3 of the Elven Halls)
 56298 | Abyss:1  | Found a corrupted altar of Lugonu.
 56301 | Abyss:1  | Reached XP level 22. HP: 88/201 MP: 9/37
 56524 | Abyss:1  | Found a corrupted altar of Lugonu.
 57535 | Elf:3    | Escaped the Abyss
 57685 | Elf:3    | Got a fine steel ring
 57686 | Elf:3    | Got a polished bardiche
 57687 | Elf:3    | Identified the +7 bardiche of Cehan {elec, rElec rPois Str+2 Int+4} (You took it off a deep elf mage on level 3 of the Elven Halls)
 57688 | Elf:3    | Identified the ring "Efenitur" {Contam rElec Int+10 Stlth+} (You took it off a deep elf mage on level 3 of the Elven Halls)
 57694 | Elf:3    | Got a fine tin ring
 57699 | Elf:3    | Identified the ring "Otroaphu" {MR+ MP+9} (You took it off a deep elf fighter on level 3 of the Elven Halls)
 58602 | Depths:1 | Entered Level 1 of the Depths
 59037 | Depths:1 | Found a one-way gate leading to the halls of Pandemonium.
 59508 | Depths:1 | Found a gateway to Hell.
 60358 | Depths:2 | Reached XP level 23. HP: 211/211 MP: 26/38
 60627 | Depths:2 | Got a fine tin ring
 60630 | Depths:2 | Identified the ring of Nufeoch {rPois Int+3} (You found it on level 2 of the Depths)
 61321 | Depths:2 | Found a gateway to a ziggurat.
 61576 | Depths:3 | Noticed Mennas
 61576 | Depths:3 | Reached skill level 10 in Shields
 61581 | Depths:3 | Killed Mennas
 61587 | Depths:3 | Noticed Norris
 61592 | Depths:3 | Killed Norris
 61853 | Depths:3 | Gained mutation: Your spells are a little harder to cast, but a little more powerful. [potion of beneficial mutation]
 62493 | Depths:3 | Noticed Wiglaf
 62496 | Depths:3 | Killed Wiglaf
 62518 | Depths:3 | Found an iron altar of Okawaru.
 62645 | Depths:3 | Got a pitted flail
 62703 | Depths:3 | Identified the +4 flail of Untruth {drain, rPois rF+ Stlth-} (You found it on level 3 of the Depths)
 62944 | Depths:4 | Noticed Sojobo
 62946 | Depths:4 | Killed Sojobo
 62973 | Depths:4 | Found Oqairr's Demolitions Depot.
 63217 | Depths:4 | Found a corrupted altar of Lugonu.
 63217 | Depths:4 | Found a one-way gate to the infinite horrors of the Abyss.
 63337 | Depths:4 | Reached XP level 24. HP: 176/218 MP: 39/39
 63368 | Depths:4 | Reached skill level 15 in Shields
 63917 | Depths:5 | Entered Level 5 of the Depths
 64064 | Depths:5 | Found a white marble altar of Elyvilon.
 64134 | Depths:5 | Reached skill level 1 in Necromancy
 65003 | Depths:5 | Found a blossoming altar of Fedhas.
 65024 | Depths:5 | Found a sparkling altar of Nemelex Xobeh.
 65207 | Depths:5 | Found a gate to the Realm of Zot.
 65619 | Depths:5 | Found a basalt altar of Yredelemnul.
 65707 | Depths:5 | Noticed Jory
 65712 | Depths:5 | Killed Jory
 65860 | Depths:3 | Reached skill level 5 in Necromancy
 66180 | Lair:1   | Learned a level 2 spell: Swiftness
 66390 | Vaults:5 | Entered Level 5 of the Vaults
 66392 | Vaults:5 | Reached XP level 25. HP: 228/228 MP: 41/41
 66772 | Vaults:5 | Noticed an ancient lich
 67240 | Vaults:5 | Got a silver rune of Zot
 67772 | Vaults:5 | Killed an ancient lich
 67953 | Vaults:5 | Got a jewelled cloak
 67990 | Vaults:5 | Got a pitted dagger
 68311 | Vaults:5 | Identified Gifeif's Handbook of the Entourage
 68489 | Vaults:5 | Got a steaming crystal amulet
 68508 | Vaults:5 | Identified the +1 cloak "Ytowiogh" {MR+ MP+9} (You found it on level 5 of the Vaults)
 68549 | Vaults:5 | Identified the +2 dagger of the King {holy, +Rage rN++ Int-4} (You took it off a yaktaur captain on level 5 of the Vaults)
 68552 | Vaults:5 | Noticed an ancient lich
 68554 | Vaults:5 | Killed an ancient lich
 68564 | Vaults:5 | Identified the amulet of Xom's Best Wishes {rElec rC+ Regen+ MP-9 Int+4} (You took it off a deep elf conjurer on level 5 of the Vaults)
 68638 | Vaults:5 | Identified Sif Muna's Catalogue of Lethal Snow (You found it on level 5 of the Vaults)
 68724 | Vaults:5 | Reached XP level 26. HP: 242/242 MP: 43/43
 69296 | Lair:1   | Upgraded the game from 0.17-a0-427-ga655056 to 0.17-a0-435-gc4df345
 69330 | Lair:1   | Learned a level 4 spell: Control Teleport
 69628 | Slime:1  | Entered Level 1 of the Pits of Slime
 69633 | Slime:1  | Reached skill level 1 in Translocations
 71264 | Slime:4  | Reached skill level 5 in Translocations
 71964 | Slime:6  | Entered Level 6 of the Pits of Slime
 72207 | Slime:6  | Noticed the royal jelly
 72213 | Slime:6  | Killed the royal jelly
 72228 | Slime:6  | Gained mutation: You heal slowly when monsters are visible. [a shining eye]
 72634 | Slime:6  | Got a fine battleaxe
 72635 | Slime:6  | Identified the +4 battleaxe "Imet" {antimagic, Int+5 Dex-4} (You found it on level 6 of the Pits of Slime)
 72704 | Slime:6  | Got a slimy rune of Zot
 73060 | Lair:1   | Learned a level 5 spell: Phase Shift
 73842 | Crypt:1  | Entered Level 1 of the Crypt
 74668 | Crypt:2  | Reached XP level 27. HP: 238/251 MP: 45/45
 74999 | Crypt:3  | Entered Level 3 of the Crypt
 75043 | Crypt:3  | Found a magical portal.
 75057 | WizLab   | Entered The Roulette of Golubria
 75167 | WizLab   | Found a corrupted altar of Lugonu.
 75545 | WizLab   | Found a corrupted altar of Lugonu.
 75966 | WizLab   | Identified Golubria's Guide on Boosting Displacement
 75977 | WizLab   | Got a smoking cloak
 75987 | WizLab   | Got an ichor-stained cloak
 76025 | WizLab   | Identified the -2 cloak "Epniguy" {-Tele rElec Dex+2} (You found it in a wizard's laboratory)
 76035 | WizLab   | Identified the +2 cloak of the Invisible Hand {rF++ Regen+ Int+6} (You found it in a wizard's laboratory)
 76634 | Crypt:3  | Found a staircase to the Tomb.
 76667 | Crypt:3  | Noticed an ancient lich
 77115 | Crypt:3  | Killed an ancient lich
 78065 | Zot:1    | Entered Level 1 of the Realm of Zot
 78622 | Zot:1    | Noticed an orb of fire
 78826 | Zot:1    | Reached skill level 10 in Necromancy
 78990 | Zot:1    | Killed an orb of fire
 79774 | Zot:2    | Noticed an orb of fire
 79780 | Zot:2    | Killed an orb of fire
 79800 | Zot:2    | Reached skill level 1 in Staves
 79969 | Zot:2    | Noticed an orb of fire
 80066 | Zot:2    | Killed an orb of fire
 80576 | Zot:2    | Reached skill level 1 in Evocations
 82446 | Zot:4    | Reached skill level 5 in Evocations
 82944 | Zot:5    | Entered Level 5 of the Realm of Zot
 82965 | Zot:5    | Noticed an orb of fire
 83076 | Zot:5    | Killed an orb of fire
 83210 | Zot:5    | Reached skill level 5 in Staves
 83770 | Zot:5    | Noticed an ancient lich
 83772 | Zot:5    | Noticed an orb of fire
 83776 | Zot:5    | Killed an ancient lich
 83778 | Zot:5    | Killed an orb of fire
 83782 | Zot:5    | Noticed an orb of fire
 83789 | Zot:5    | Killed an orb of fire
 83948 | Zot:5    | Noticed an orb of fire
 83953 | Zot:5    | Killed an orb of fire
 84092 | Zot:5    | Noticed an orb of fire
 84094 | Zot:5    | Killed an orb of fire
 84126 | Zot:5    | Noticed an orb of fire
 84128 | Zot:5    | Killed an orb of fire
 84129 | Zot:5    | Noticed an orb of fire
 84131 | Zot:5    | Killed an orb of fire
 84460 | Zot:5    | Noticed an orb of fire
 84465 | Zot:5    | Noticed an ancient lich
 84595 | Zot:5    | Noticed an orb of fire
 84597 | Zot:5    | Killed an orb of fire
 84614 | Zot:5    | Killed an ancient lich
 86007 | Lair:1   | Learned a level 8 spell: Necromutation
 86027 | Lair:1   | Learned a level 8 spell: Chain Lightning
 86321 | Depths:4 | Voluntarily entered the Abyss.
 86360 | Abyss:1  | Reached skill level 1 in Transmutations
 87045 | Abyss:3  | Reached skill level 5 in Transmutations
 87622 | Abyss:3  | Reached skill level 10 in Transmutations
 87648 | Abyss:3  | Got an abyssal rune of Zot
 87775 | Depths:4 | Escaped the Abyss
 88061 | Lair:1   | Learned a level 2 spell: Sublimation of Blood
 88299 | Zig:1    | Entered Level 1 of a ziggurat
 88311 | Zig:2    | Entered Level 2 of a ziggurat
 88329 | Zig:3    | Entered Level 3 of a ziggurat
 88351 | Zig:4    | Entered Level 4 of a ziggurat
 88384 | Zig:5    | Entered Level 5 of a ziggurat
 88488 | Zig:5    | Got a warped demon blade
 88497 | Zig:6    | Entered Level 6 of a ziggurat
 88523 | Zig:6    | Got a bound tin ring
 88529 | Zig:6    | Identified the cursed +1 demon blade "Nawkaib" {venom, rElec} (You found it on level 5 of a ziggurat)
 88534 | Zig:6    | Identified the ring of Zaop {+Inv rElec rF+ rC+} (You found it on level 6 of a ziggurat)
 88538 | Zig:7    | Entered Level 7 of a ziggurat
 88583 | Zig:7    | Got a transparent golden ring
 88600 | Zig:8    | Entered Level 8 of a ziggurat
 88602 | Zig:8    | Identified the ring "Jaddiys" {Fire Dex+2 SInv} (You found it on level 7 of a ziggurat)
 88619 | Zig:8    | Identified the Disquisition on Feathers
 88631 | Zig:8    | Got a coiled steel ring
 88642 | Zig:8    | Identified the ring "Pitz" {rC+ Int+3 SInv} (You found it on level 8 of a ziggurat)
 88650 | Zig:9    | Entered Level 9 of a ziggurat
 88692 | Zig:9    | Got a clouded golden ring
 88714 | Zig:9    | Identified the ring "Mainoets" {SustAb rC+} (You found it on level 9 of a ziggurat)
 88728 | Zig:10   | Entered Level 10 of a ziggurat
 88760 | Zig:10   | Identified the Volume of the Snowflakes
 88784 | Zig:10   | Got a jewelled hand axe
 88787 | Zig:10   | Identified the +6 hand axe "Cobef" {chop, +Rage rElec Str+4} (You found it on level 10 of a ziggurat)
 88791 | Zig:10   | Lost mutation: You heal slowly when monsters are visible. [potion of beneficial mutation]
 88828 | Zig:11   | Entered Level 11 of a ziggurat
 88836 | Zig:11   | Noticed Vot Zop the pandemonium lord
 88841 | Zig:11   | Killed Vot Zop the pandemonium lord
 88859 | Zig:11   | Got a shimmering platinum ring
 88861 | Zig:11   | Identified the ring of Puwian {+cTele +Blink rF+ MP+9 Dex-4} (You found it on level 11 of a ziggurat)
 88967 | Zig:12   | Entered Level 12 of a ziggurat
 88975 | Zig:12   | Reached skill level 15 in Transmutations
 89032 | Zig:12   | Got a brightly glowing scimitar
 89033 | Zig:12   | Identified the +9 scimitar of Xom's Esteem {drain, +Rage rC+ Int-5} (You found it on level 12 of a ziggurat)
 89037 | Zig:12   | Got a warped broad axe
 89038 | Zig:12   | Identified the +10 broad axe "Earthworm" {holy, Contam rElec rC- rN+} (You found it on level 12 of a ziggurat)
 89088 | Zig:13   | Entered Level 13 of a ziggurat
 89144 | Zig:13   | Gained mutation: You have a pair of small antennae on your head. [potion of beneficial mutation]
 89170 | Zig:14   | Entered Level 14 of a ziggurat
 89208 | Zig:14   | Got an ichor-stained falchion
 89209 | Zig:14   | Identified the cursed +1 falchion of the Salmon {antimagic, rElec rN++ Str-2} (You found it on level 14 of a ziggurat)
 89213 | Zig:14   | Got a brightly glowing cloak
 89224 | Zig:14   | Identified the +2 cloak of Somewhere Else {MP+9 Dex+4} (You found it on level 14 of a ziggurat)
 89268 | Zig:15   | Entered Level 15 of a ziggurat
 89304 | Zig:15   | Gained mutation: You are robust (+10% HP). [potion of beneficial mutation]
 89322 | Zig:15   | Got a steaming platinum ring
 89353 | Zig:15   | Identified the ring "Juzu" {rPois rF+ rC- MR+ Dex+4 Stlth-} (You found it on level 15 of a ziggurat)
 89368 | Zig:15   | Got a pitted lajatang
 89386 | Zig:15   | Identified the +6 lajatang "Tatezuje" {freeze, +Rage MR+} (You found it on level 15 of a ziggurat)
 89483 | Zig:16   | Entered Level 16 of a ziggurat
 89537 | Zig:16   | Reached skill level 15 in Necromancy
 89544 | Zig:16   | Got a crystal mace
 89546 | Zig:16   | Identified the +12 mace "Earthworm" {crush, MP+9 Int+3} (You found it on level 16 of a ziggurat)
 89547 | Zig:16   | Gained mutation: You possess an exceptional clarity of mind. [potion of beneficial mutation]
 89687 | Zig:17   | Entered Level 17 of a ziggurat
 89726 | Zig:17   | Got a steaming shortbow
 89735 | Zig:17   | Identified the Compendium of Gliding Companions
 89737 | Zig:17   | Identified the +7 shortbow "Wiomma" {velocity, +Fly rF- Dex+10 Stlth-} (You found it on level 17 of a ziggurat)
 89814 | Zig:18   | Entered Level 18 of a ziggurat
 89894 | Zig:18   | Got a smoking shortbow
 89895 | Zig:18   | Identified the +4 shortbow of Wexeuvap {flame, Dex+4} (You found it on level 18 of a ziggurat)
 89907 | Zig:19   | Entered Level 19 of a ziggurat
 89956 | Zig:19   | Identified Tidoix's Compendium of Twisted Ice
 89971 | Zig:19   | Got a dazzling trident
 89972 | Zig:19   | Identified the cursed +2 trident "Recwet" {pierce, Str-5 Dex+5} (You found it on level 19 of a ziggurat)
 89979 | Zig:19   | Got a flickering wooden ring
 89980 | Zig:19   | Identified the ring "Ibosohu" {rF+ MR+} (You found it on level 19 of a ziggurat)
 89990 | Zig:19   | Got a flickering jade ring
 89996 | Zig:19   | Identified the ring of Dauciby {-Tele rN+ MR+ Str+3 Stlth+} (You found it on level 19 of a ziggurat)
 90000 | Zig:20   | Entered Level 20 of a ziggurat
 90023 | Zig:20   | Noticed Niovaenogi the pandemonium lord
 90024 | Zig:20   | Noticed Ruthribb the pandemonium lord
 90024 | Zig:20   | Noticed Saolo the pandemonium lord
 90024 | Zig:20   | Killed Niovaenogi the pandemonium lord
 90026 | Zig:20   | Killed Saolo the pandemonium lord
 90027 | Zig:20   | Noticed Vaibb the pandemonium lord
 90027 | Zig:20   | Noticed Erch the pandemonium lord
 90029 | Zig:20   | Noticed Uheref the pandemonium lord
 90030 | Zig:20   | Noticed Wihud the pandemonium lord
 90030 | Zig:20   | Noticed Ziceli Necvo the pandemonium lord
 90030 | Zig:20   | Noticed Qoshanawk the pandemonium lord
 90030 | Zig:20   | Killed Ruthribb the pandemonium lord
 90032 | Zig:20   | Killed Vaibb the pandemonium lord
 90033 | Zig:20   | Noticed Zoggo the pandemonium lord
 90033 | Zig:20   | Gained mutation: You tend to lose your temper in combat. [a shining eye]
 90034 | Zig:20   | Killed Ziceli Necvo the pandemonium lord
 90034 | Zig:20   | Killed Wihud the pandemonium lord
 90039 | Zig:20   | Killed Qoshanawk the pandemonium lord
 90041 | Zig:20   | Killed Uheref the pandemonium lord
 90041 | Zig:20   | Killed Zoggo the pandemonium lord
 90045 | Zig:20   | Killed Erch the pandemonium lord
 90091 | Zig:20   | Identified the Volume of the Glacier
 90095 | Zig:20   | Identified the Incunabulum of Beguiling and Envenoming
 90129 | Zig:20   | Got a faintly glowing arbalest
 90130 | Zig:20   | Identified the +6 arbalest "Icia" {venom, Contam rElec rF- Dex+2} (You found it on level 20 of a ziggurat)
 90443 | Lair:1   | Learned a level 6 spell: Haste
 90487 | Lair:1   | Learned a level 8 spell: Lehudib's Crystal Spear
 90499 | Lair:1   | Upgraded the game from 0.17-a0-435-gc4df345 to 0.17-a0-483-g810ce3f
 90505 | Lair:1   | Learned a level 1 spell: Summon Butterflies
 90565 | Lair:1   | Upgraded the game from 0.17-a0-483-g810ce3f to 0.17-a0-488-g0a147b9
 90783 | Pan      | Entered Pandemonium
 90784 | Pan      | Found a huge runed gate.
 90784 | Pan      | Found a huge runed gate.
 90785 | Pan      | Found a huge runed gate.
 90785 | Pan      | Found a huge runed gate.
 90996 | Pan      | Reached skill level 1 in Earth Magic
 91183 | Pan      | Found an exit through the horrors of the Abyss.
 91349 | Pan      | Got a translucent rapier
 91351 | Pan      | Identified the +4 rapier "Puhem" {pierce, Contam rN+ Int+4} (You found it in Pandemonium)
 91479 | Pan      | Got an ancient ruby amulet
 91480 | Pan      | Identified the amulet of the Skies Above {Inacc rN+ MP+9 Str-3} (You found it in Pandemonium)
 91762 | Pan      | Found a huge runed gate.
 91762 | Pan      | Found a huge runed gate.
 91763 | Pan      | Found a huge runed gate.
 91763 | Pan      | Found a huge runed gate.
 91763 | Pan      | Found a huge runed gate.
 91763 | Pan      | Found a huge runed gate.
 91763 | Pan      | Found a huge runed gate.
 91763 | Pan      | Found a huge runed gate.
 91763 | Pan      | Found a huge runed gate.
 91763 | Pan      | Found a huge runed gate.
 91763 | Pan      | Found a huge runed gate.
 91764 | Pan      | Found a huge runed gate.
 91764 | Pan      | Found a huge runed gate.
 91765 | Pan      | Found a huge runed gate.
 91765 | Pan      | Found a huge runed gate.
 91767 | Pan      | Found a huge runed gate.
 91767 | Pan      | Found a huge runed gate.
 91791 | Pan      | Noticed Weajel the pandemonium lord
 91796 | Pan      | Killed Weajel the pandemonium lord
 92136 | Pan      | Noticed Zugh the pandemonium lord
 92143 | Pan      | Killed Zugh the pandemonium lord
 92251 | Pan      | Found an exit through the horrors of the Abyss.
 92728 | Pan      | Reached skill level 10 in Staves
 93113 | Pan      | Reached skill level 5 in Earth Magic
 93426 | Pan      | Reached skill level 5 in Stealth
 93815 | Pan      | Found an exit through the horrors of the Abyss.
 93904 | Pan      | Noticed Sibaut the pandemonium lord
 93904 | Pan      | Killed Sibaut the pandemonium lord
 93926 | Pan      | Got a flickering steel amulet
 93928 | Pan      | Identified the amulet "Vozino Peph" {rMut rC- MP+9 Int+2 Stlth+} (You took it off a gelid demonspawn in Pandemonium)
 94485 | Pan      | Noticed Relisiwe the pandemonium lord
 94488 | Pan      | Killed Relisiwe the pandemonium lord
 94618 | Pan      | Found an exit through the horrors of the Abyss.
 95082 | Pan      | Found a runed door.
 95348 | Pan      | Found an exit through the horrors of the Abyss.
 95363 | Pan      | Got an encrusted arbalest
 95364 | Pan      | Identified the +4 arbalest "Rewuony" {elec, rF+ Str+2} (You found it in Pandemonium)
 95536 | Pan      | Noticed Muidear the pandemonium lord
 95540 | Pan      | Killed Muidear the pandemonium lord
 96568 | Pan      | Noticed Esiupsoj the pandemonium lord
 96570 | Pan      | Killed Esiupsoj the pandemonium lord
 96586 | Pan      | Got a pitted dire flail
 96594 | Pan      | Identified the +1 dire flail of the Other Side {freeze, rN+ Int+2 Dex+6} (You found it in Pandemonium)
 96661 | Pan      | Found an exit through the horrors of the Abyss.
 96829 | Pan      | Got a fine wooden ring
 96834 | Pan      | Got a demonic rune of Zot
 97310 | Pan      | Identified the ring of Ekyc Memp {Fire Contam rElec Str+8} (You took it off a warmonger in Pandemonium)
 97362 | Pan      | Noticed Uzxazxu the pandemonium lord
 97366 | Pan      | Killed Uzxazxu the pandemonium lord
 97442 | Pan      | Got a crystal rapier
 97443 | Pan      | Identified the +11 rapier of Devotion {pierce, rC+ Dex+2 Stlth+} (You found it in Pandemonium)
 97519 | Pan      | Found an exit through the horrors of the Abyss.
 98083 | Pan      | Upgraded the game from 0.17-a0-488-g0a147b9 to 0.17-a0-547-g5e20af8
 98130 | Pan      | Got a steaming jade ring
 98202 | Pan      | Identified the ring "Zuohidum" {rF+ rN+} (You took it off a warmonger in Pandemonium)
 98236 | Pan      | Found an exit through the horrors of the Abyss.
 98319 | Pan      | Found a runed door.
 98340 | Pan      | Found a runed door.
 98340 | Pan      | Found a runed door.
 98340 | Pan      | Noticed Nab Mytu the pandemonium lord
 98341 | Pan      | Killed Nab Mytu the pandemonium lord
 98342 | Pan      | Found a runed door.
 98396 | Pan      | Noticed Arpherr the pandemonium lord
 98399 | Pan      | Killed Arpherr the pandemonium lord
 98445 | Pan      | Reached skill level 10 in Earth Magic
 98615 | Pan      | Got a pitted lajatang
 98616 | Pan      | Identified the +0 lajatang "Tebbiam" {holy, rElec} (You found it in Pandemonium)
 98792 | Pan      | Noticed Kamef the pandemonium lord
 98793 | Pan      | Killed Kamef the pandemonium lord
 98857 | Pan      | Noticed Qustrad the pandemonium lord
 98857 | Pan      | Killed Qustrad the pandemonium lord
 99530 | Pan      | Noticed Elug Joe the pandemonium lord
 99537 | Pan      | Killed Elug Joe the pandemonium lord
 99537 | Pan      | Reached skill level 10 in Stealth
100206 | Pan      | Found an exit through the horrors of the Abyss.
100746 | Pan      | Noticed Jitiuw the pandemonium lord
100754 | Pan      | Killed Jitiuw the pandemonium lord
100976 | Pan      | Identified a scroll of acquirement
101042 | Pan      | Found an exit through the horrors of the Abyss.
101556 | Pan      | Entered the realm of Cerebov.
101556 | Pan      | Found a gateway to a ziggurat.
101698 | Pan      | Found an exit through the horrors of the Abyss.
101717 | Pan      | Noticed Cerebov
101721 | Pan      | Killed Cerebov
101721 | Pan      | Reached skill level 26 in Air Magic
101746 | Pan      | Got a fiery rune of Zot
101771 | Pan      | Got a steaming pewter ring
101775 | Pan      | Got a crystal mace
101776 | Pan      | Identified the ring "Fuit" {Int+3 SInv} (You found it in Pandemonium)
101777 | Pan      | Identified the +6 mace "Racul" {freeze, rPois SInv} (You found it in Pandemonium)
101839 | Pan      | Identified the Collected Works on Dislocation and Companions
102173 | Pan      | Identified the Guide on Ashen Transmutation
102422 | Pan      | Noticed Viemuone the pandemonium lord
102423 | Pan      | Killed Viemuone the pandemonium lord
102586 | Pan      | Found an exit through the horrors of the Abyss.
102881 | Pan      | Found an exit through the horrors of the Abyss.
103084 | Pan      | Noticed Duggoipp the pandemonium lord
103089 | Pan      | Killed Duggoipp the pandemonium lord
103566 | Pan      | Noticed Cirex the pandemonium lord
103567 | Pan      | Killed Cirex the pandemonium lord
103687 | Pan      | Found an exit through the horrors of the Abyss.
103871 | Pan      | Entered the realm of Lom Lobon.
104113 | Pan      | Noticed Lom Lobon
104140 | Pan      | Killed Lom Lobon
104201 | Pan      | Got a magical rune of Zot
104528 | Pan      | Found an exit through the horrors of the Abyss.
104846 | Pan      | Found an exit through the horrors of the Abyss.
105290 | Pan      | Found an exit through the horrors of the Abyss.
105344 | Pan      | Noticed Cuupsiod the pandemonium lord
105347 | Pan      | Killed Cuupsiod the pandemonium lord
105503 | Pan      | Entered the realm of Gloorx Vloq.
105591 | Pan      | Got a translucent flail
105592 | Pan      | Identified the +4 flail of the Dozen Tales {drain, +Rage rN++ MR-} (You found it in Pandemonium)
105653 | Pan      | Found an exit through the horrors of the Abyss.
105725 | Pan      | Reached skill level 27 in Air Magic
106034 | Pan      | Noticed Gloorx Vloq
106059 | Pan      | Killed Gloorx Vloq
106075 | Pan      | Got a dark rune of Zot
106458 | Pan      | Found an exit through the horrors of the Abyss.
106731 | Pan      | Noticed Xita the pandemonium lord
106731 | Pan      | Killed Xita the pandemonium lord
106783 | Pan      | Noticed Haloer the pandemonium lord
106792 | Pan      | Killed Haloer the pandemonium lord
106813 | Pan      | Noticed Nykethi the pandemonium lord
106814 | Pan      | Killed Nykethi the pandemonium lord
106993 | Pan      | Entered the realm of Mnoleg.
107060 | Pan      | Found an exit through the horrors of the Abyss.
107152 | Pan      | Reached skill level 27 in Fighting
107325 | Pan      | Noticed Mnoleg
107347 | Pan      | Killed Mnoleg
107361 | Pan      | Got a glowing rune of Zot
107588 | Pan      | Reached skill level 15 in Stealth
107606 | Pan      | Noticed Wubaupis the pandemonium lord
107608 | Pan      | Killed Wubaupis the pandemonium lord
107924 | Pan      | Found an exit through the horrors of the Abyss.
108308 | Pan      | Noticed Biwiaj the pandemonium lord
108312 | Pan      | Killed Biwiaj the pandemonium lord
108528 | Pan      | Found an exit through the horrors of the Abyss.
108930 | Pan      | Found an exit through the horrors of the Abyss.
109102 | Pan      | Noticed Xottirer the pandemonium lord
109102 | Pan      | Killed Xottirer the pandemonium lord
109113 | Pan      | Identified the Incunabulum of Destructive Poisoning
109815 | Depths:1 | Escaped Pandemonium
110324 | Tomb:1   | Entered Level 1 of the Tomb of the Ancients
110432 | Tomb:1   | Got a crystal falchion
110433 | Tomb:1   | Identified the +4 falchion "Ceuw" {freeze, rC+} (You found it on level 1 of the Tomb of the Ancients)
111117 | Tomb:2   | Noticed Boris
111117 | Tomb:2   | Noticed Sar's ghost (legendary OpIE)
111122 | Tomb:2   | Killed Sar's ghost
111124 | Tomb:2   | Killed Boris
112165 | Tomb:1   | Reached skill level 10 in Evocations
112502 | Tomb:3   | Entered Level 3 of the Tomb of the Ancients
112744 | Tomb:3   | Got a golden rune of Zot
112865 | Tomb:3   | Got a vibrating crystal amulet
112873 | Tomb:3   | Got a slimy brass ring
112882 | Tomb:3   | Identified the Incunabulum of Benedictions
112885 | Tomb:3   | Got a twitching platinum ring
112887 | Tomb:3   | Got a vibrating jade ring
112892 | Tomb:3   | Identified the Collected Works on Earthen Transmutation
112895 | Tomb:3   | Got a glittering graven amulet
112916 | Tomb:3   | Got a sparkling garnet amulet
113169 | Tomb:3   | Identified the amulet "Giomil" {Ward rPois rN+ Str-3 SInv} (You found it on level 3 of the Tomb of the Ancients)
113171 | Tomb:3   | Identified the amulet of Incredulity {rF+ rC- Regen+ Slay+3} (You found it on level 3 of the Tomb of the Ancients)
113173 | Tomb:3   | Identified the amulet of Arugh {Gourm Dex+4} (You found it on level 3 of the Tomb of the Ancients)
113175 | Tomb:3   | Identified the ring "Zobidyn" {+Inv rF+ rN+ Int+5} (You found it on level 3 of the Tomb of the Ancients)
113177 | Tomb:3   | Identified the ring "Neyniyts" {rElec rF++ SInv} (You found it on level 3 of the Tomb of the Ancients)
113179 | Tomb:3   | Identified the ring "Zuotru" {rF+ rC+ MP+9 Str+3 Dex+3} (You found it on level 3 of the Tomb of the Ancients)
113192 | Tomb:3   | Got a dazzling quarterstaff
113277 | Tomb:3   | Got a smoking quarterstaff
113284 | Tomb:3   | Identified the cursed +0 quarterstaff of War {vamp, +Blink +Inv rElec MR+ MP-9} (You found it on level 3 of the Tomb of the Ancients)
113290 | Tomb:3   | Identified the +7 quarterstaff of Dominance {crush, Str+5} (You found it on level 3 of the Tomb of the Ancients)
114232 | Hell     | Entered the Vestibule of Hell
114232 | Hell     | Noticed Geryon
114235 | Hell     | Killed Geryon
114386 | Hell     | Found a gateway to the decaying netherworld of Tartarus.
114467 | Hell     | Found a gateway to the freezing wastes of Cocytus.
114508 | Coc:1    | Entered Level 1 of Cocytus
115275 | Coc:5    | You are sucked into a shaft!
115420 | Coc:7    | Entered Level 7 of Cocytus
115693 | Coc:7    | Noticed Antaeus
115852 | Coc:7    | Reached skill level 27 in Spellcasting
115947 | Coc:7    | Killed Antaeus
115957 | Coc:7    | Got an icy rune of Zot
115995 | Coc:7    | Got a pair of smoking boots
116007 | Coc:7    | Identified the +0 pair of boots of the Pleiades {rPois Dex+2 SInv Stlth-} (You found it on level 7 of Cocytus)
116388 | Hell     | Found a gateway to the Iron City of Dis.
116396 | Dis:1    | Entered Level 1 of the Iron City of Dis
117317 | Dis:7    | Entered Level 7 of the Iron City of Dis
117403 | Dis:7    | Reached skill level 15 in Staves
118302 | Dis:7    | Noticed Dispater
118346 | Dis:7    | Killed Dispater
118411 | Dis:7    | Got an iron rune of Zot
118510 | Tar:1    | Entered Level 1 of Tartarus
119013 | Tar:7    | Entered Level 7 of Tartarus
119092 | Tar:7    | Reached skill level 27 in Dodging
119114 | Tar:7    | Noticed the Serpent of Hell
119117 | Tar:7    | Killed the Serpent of Hell
119203 | Tar:7    | Noticed an ancient lich
119205 | Tar:7    | Killed an ancient lich
119296 | Tar:7    | Got a flickering turquoise ring
119297 | Tar:7    | Identified the cursed ring of Zigic {+Blink rF- rN+ Str-5 Int+5} (You found it on level 7 of Tartarus)
119346 | Tar:7    | Identified Hueplos's Tome of Ashen Snow
119364 | Tar:7    | Noticed an ancient lich
119365 | Tar:7    | Killed an ancient lich
119404 | Tar:7    | Noticed an ancient lich
119407 | Tar:7    | Killed an ancient lich
119634 | Tar:7    | Reached skill level 27 in Conjurations
119641 | Tar:7    | Got an ancient rapier
119656 | Tar:7    | Identified the +4 rapier of Disorder {drain, rF+ Str+3} (You found it on level 7 of Tartarus)
119998 | Tar:7    | Noticed Ereshkigal
120096 | Tar:7    | Noticed an ancient lich
120099 | Tar:7    | Killed an ancient lich
120198 | Tar:7    | Got a bone rune of Zot
120310 | Tar:7    | Killed Ereshkigal
120386 | Hell     | Found a gateway to the ashen valley of Gehenna.
120397 | Geh:1    | Entered Level 1 of Gehenna
120684 | Geh:7    | Entered Level 7 of Gehenna
121033 | Geh:7    | Got a dazzling whip
121045 | Geh:7    | Noticed Asmodeus
121046 | Geh:7    | Identified the +6 whip of Spring {drain, +Fly rElec Str+4 Int-2} (You found it on level 7 of Gehenna)
121068 | Geh:7    | Killed Asmodeus
121107 | Geh:7    | Got an obsidian rune of Zot
121709 | Zot:5    | Got the Orb of Zot
121774 | Zot:5    | Noticed Holam the pandemonium lord
121775 | Zot:5    | Killed Holam the pandemonium lord
121820 | Zot:4    | Noticed Biegru Ibay the pandemonium lord
121822 | Zot:4    | Killed Biegru Ibay the pandemonium lord
121832 | Zot:4    | Noticed Aducs the pandemonium lord
121961 | Zot:1    | Noticed Cucloar the pandemonium lord
121962 | Zot:1    | Killed Cucloar the pandemonium lord
121998 | Zot:1    | Noticed Xiathus the pandemonium lord
121998 | Zot:1    | Killed Xiathus the pandemonium lord
122047 | Depths:5 | Noticed Cyrchil the pandemonium lord
122048 | Depths:5 | Killed Cyrchil the pandemonium lord
122513 | D:1      | Noticed Cuan Cuze the pandemonium lord
122519 | D:1      | Killed Cuan Cuze the pandemonium lord
122540 | D:$      | Escaped with the Orb!

Action                   |  1- 3 |  4- 6 |  7- 9 | 10-12 | 13-15 | 16-18 | 19-21 | 22-24 | 25-27 || total
-------------------------+-------+-------+-------+-------+-------+-------+-------+-------+-------++-------
Melee: Unarmed           |    73 |       |       |       |       |       |       |    12 |    46 ||   131
       Short sword       |    93 |   215 |   398 |       |       |       |     6 |       |       ||   712
       Dagger            |     8 |       |       |       |       |     3 |       |       |       ||    11
       Trident           |       |       |    38 |       |       |       |       |       |       ||    38
       Staff             |       |       |       |   255 |   350 |    81 |   130 |    75 |  3770 ||  4661
       Quarterstaff      |       |       |       |       |       |       |       |       |    19 ||    19
Throw: Tomahawk          |       |    14 |       |       |       |       |       |       |       ||    14
       Stone             |       |    10 |       |       |       |       |       |       |       ||    10
 Cast: Magic Dart        |    45 |    86 |   278 |   530 |   357 |    57 |       |       |       ||  1353
       Iskenderun's Batt |       |       |    17 |    62 |    69 |    36 |     8 |    11 |       ||   203
       Shock             |       |       |     1 |     7 |       |       |       |       |       ||     8
       Iskenderun's Myst |       |       |       |     8 |    89 |   218 |   237 |   211 |   278 ||  1041
       Lightning Bolt    |       |       |       |    22 |   127 |   146 |    99 |    93 |    46 ||   533
       Conjure Ball Ligh |       |       |       |    17 |   105 |   152 |   200 |   172 |   218 ||   864
       Regeneration      |       |       |       |       |     5 |    16 |    18 |    25 |    72 ||   136
       Tornado           |       |       |       |       |     5 |    15 |     1 |     9 |    56 ||    86
       Orb of Destructio |       |       |       |       |       |       |    84 |   142 |   793 ||  1019
       Blink             |       |       |       |       |       |       |     3 |     8 |    22 ||    33
       Deflect Missiles  |       |       |       |       |       |       |     2 |     2 |     5 ||     9
       Swiftness         |       |       |       |       |       |       |       |     1 |     7 ||     8
       Phase Shift       |       |       |       |       |       |       |       |       |    31 ||    31
       Control Teleport  |       |       |       |       |       |       |       |       |     6 ||     6
       Chain Lightning   |       |       |       |       |       |       |       |       |  1068 ||  1068
       Lehudib's Crystal |       |       |       |       |       |       |       |       |   182 ||   182
       Necromutation     |       |       |       |       |       |       |       |       |   108 ||   108
       Haste             |       |       |       |       |       |       |       |       |    29 ||    29
       Sublimation of Bl |       |       |       |       |       |       |       |       |    23 ||    23
       Summon Butterflie |       |       |       |       |       |       |       |       |    15 ||    15
 Abil: Breathe Lightning |       |       |       |     4 |    21 |    11 |     1 |     2 |     3 ||    42
       Fly               |       |       |       |       |       |     3 |       |     1 |     4 ||     8
       Stop Flying       |       |       |       |       |       |     3 |       |     1 |     4 ||     8
       End Transformatio |       |       |       |       |       |       |       |       |     7 ||     7
Evoke: Wand              |       |       |       |       |       |     1 |       |       |    27 ||    28
  Use: Scroll            |       |     4 |    17 |    15 |    12 |     9 |     9 |    15 |    84 ||   165
       Potion            |       |       |     1 |       |       |     1 |     1 |     5 |    26 ||    34
 Stab: Sleeping          |     1 |     3 |     2 |       |       |       |       |       |     9 ||    15
       Distracted        |       |       |       |       |       |     1 |       |       |    20 ||    21
       Betrayed ally     |       |       |       |       |       |       |       |     1 |       ||     1
  Eat: Chunk             |     4 |    12 |    23 |    45 |   107 |    68 |    62 |    18 |    17 ||   356
       Meat ration       |     1 |       |       |       |       |     3 |     3 |     2 |    15 ||    24
       Pizza             |       |       |     1 |     2 |     2 |     4 |     2 |     5 |     4 ||    20
       Fruit             |       |       |     1 |       |       |     4 |     3 |     2 |    32 ||    42
       Beef jerky        |       |       |       |     3 |     1 |     1 |     2 |     4 |     8 ||    19
       Royal jelly       |       |       |       |     1 |       |       |     1 |       |     6 ||     8
       Bread ration      |       |       |       |       |     1 |     5 |       |       |     5 ||    11
